 Dungeon Crawl Stone Soup version 0.27-a0-1119-gbf574a6a6b (webtiles) character file.

Game seed: 5188236731932255024

56 miscthings the Magician (level 3, -1/25 HPs)
             Began as a Djinni Conjurer on May 3, 2021.
             Slain by a goblin
             ... wielding a +0 mace
             ... led by Robin
              (2 damage)
             ... on level 2 of the Dungeon.
             The game lasted 00:02:11 (1580 turns).

miscthings the Magician (Djinni Conjurer)           Turns: 1580, Time: 00:02:11

Health: -1/25      AC:  2    Str:  6    XL:     3   Next: 95%
Gold:   58         EV: 12    Int: 20    God:
                   SH:  0    Dex: 11

rFire    + . .     SeeInvis .   c - +1 dagger (venom)
rCold    . . .     Faith    .   (no shield)
rNeg     . . .     Spirit   .   a - +0 robe
rPois    ∞         Reflect  .   (no helmet)
rElec    .         Harm     .   (no cloak)
rCorr    .         Rampage  .   (no gloves)
Will     .....                  (boots unavailable)
Stlth    ++........             (no amulet)
HPRegen  0.08/turn              j - ring of ice
MPRegen  0.00/turn              (no ring)

@: flying, hasted, very quick
A: fire resistance 2, cold vulnerability 1, float, innate caster, hp casting,
extra vitality 1
a: no special abilities


You were on level 2 of the Dungeon.
You visited 1 branch of the dungeon, and saw 2 of its levels.

You collected 58 gold pieces.

Inventory:

Hand Weapons
 c - a +1 dagger of venom (weapon)
Missiles
 d - 6 curare-tipped darts
Armour
 a - a +0 robe (worn)
Jewellery
 j - a ring of ice (left hand)
Scrolls
 b - 2 scrolls of identify {unknown}
 e - a scroll of magic mapping {unknown}
 f - 2 scrolls of teleportation {unknown}
 h - a scroll of enchant weapon {unknown}
 k - a scroll of fear {unknown}
Potions
 g - a potion of ambrosia {unknown}
 i - a potion of lignification {unknown}
 l - a potion of haste


   Skills:
 - Level 2.1 Dodging
 - Level 1.5 Stealth
 + Level 4.7 Spellcasting


You couldn't memorise any spells.
You knew the following spells:

 Your Spells              Type           Power      Damage    Failure   Level
a - Searing Ray           Conj           46%        3d4       2%          2
b - Magic Dart            Conj           92%        1d7       1%          1
c - Dazzling Flash        Conj/Hex       46%        N/A       4%          3
d - Fulminant Prism       Conj/Hex       11%        3d9       17%         4
e - Iskenderun's Mystic   Conj/Tloc      23%        2d6       17%         4
f - Sandblast             Erth           46%        2d11      1%          1
Your spell library was empty.

Dungeon Overview and Level Annotations

Branches:
Dungeon (2/15)

Altars:

Annotations:
D:2 Robin


Innate Abilities, Weirdness & Mutations

You are immune to poison.
Your flesh is very heat resistant. (rF++)
You are vulnerable to cold. (rC-)
You float through the air rather than walking.
You learn spells naturally, not from books.
Your magical power is your life essence.
You have superior vitality. (+4 HP)


Message History

Press: ? - help, Shift-Dir - straight line, f - hobgoblin
Aim: a hobgoblin (wandering, hasn't noticed you, 78% to hit)
The searing ray misses the hobgoblin.
The searing ray hits the goblin!
You kill the goblin! (Press . to maintain the ray.)
The hobgoblin shouts! x3; You hear a shout! x4
A goblin comes into view. It is wielding a +0 dagger.
The searing ray hits the hobgoblin!
You kill the hobgoblin!
The searing ray hits the hobgoblin!
You kill the hobgoblin!
The searing ray misses the hobgoblin.
The searing ray hits the goblin!
You kill the goblin!
A goblin comes into view. It is wielding a +0 dagger.
You hear a zap.
Some rock shatters into small pieces.
A goblin comes into view. It is wielding a +0 mace.
A goblin comes into view. It is wielding a +0 club.
An adder and Robin come into view.
Robin is wielding a +7 club and carrying a wand of digging (4).
The searing ray hits the hobgoblin!
You kill the hobgoblin!
You finish channeling your searing ray.
The adder hisses angrily.
It was a potion of haste.
You feel yourself speed up. Robin throws the goblin at you!
The goblin barely misses you. The goblin hits you with a +0 dagger.
Robin throws the goblin at you!
You hit the goblin.
The goblin is poisoned.
The goblin is moderately wounded.
The goblin misses you. The goblin hits you with a +0 club. The adder bites you.
* * * LOW HITPOINT WARNING * * *
The goblin hits you with a +0 dagger.
* * * LOW HITPOINT WARNING * * *
A goblin comes into view. It is wielding a +0 club.
Robin roars a battlecry!
The goblins go into a battle-frenzy!
The goblin hits you with a +0 club.
* * * LOW HITPOINT WARNING * * *
The goblin hits you with a +0 mace.
You die...

#. .....###..##..
#...# #.....##..#
#...# #.....##.##
###...######..##......
..........#.#####.##.
. #................###
..
#..........####.....
#.. #>gg...<##.# .#...
#.. #..@....##.# #.##


#gg #gS.....#... .. # #...##.......#..## . # #))ggg.......#..# .
#.....#........# .# ## #.##. ##......... # #.......... ###.#.[..... .......##
You could see Robin, an adder and 4 goblins.

Vanquished Creatures
  A worm (D:2)
  A dart slug (D:1)
  6 endoplasms (D:1)
  6 goblins
  6 hobgoblins
  4 jackals (D:1)
  2 quokkas (D:1)
  4 ball pythons
  2 bats (D:2)
  2 frilled lizards (D:1)
  5 kobolds
  7 rats
46 creatures vanquished.

Notes
Turn   | Place    | Note
-------+----------+-------------------------------------------
     0 | D:1      | miscthings the Djinni Conjurer began the quest for the Orb.
     0 | D:1      | Reached XP level 1. HP: 15/15 MP: 0/0
   347 | D:1      | Reached XP level 2. HP: 18/21 MP: 0/0
   358 | D:1      | Reached skill level 4 in Spellcasting
   622 | D:1      | Reached XP level 3. HP: 12/25 MP: 0/0
   622 | D:1      | Learned a level 1 spell: Sandblast
  1112 | D:1      | Found a faded altar of an unknown god.
  1573 | D:2      | Noticed Robin
  1580 | D:2      | HP: 1/25 [goblin/+0 club[Robin] (2)]
  1580 | D:2      | Slain by a goblin

Illustrated notes

Levels and vault maps discovered:
D:1:      co_arrival_square_in_a_square_in_a_square, layout_basic,
          shapermc_ecumenical_altar_hornbeckon
D:2:      layout_rooms, uniq_jessica, uniq_robin

Skill      XL: |  1  2 |
---------------+-------+-----
Spellcasting   | 4 |  4.7
Dodging        | |  2.1
Stealth        | |  1.5

Action                   || total
-------------------------++-------
Melee: Dagger            ||     5
 Cast: Magic Dart        ||    48
       Searing Ray       ||    11
  Use: Potion            ||     1
Armor: Robe              ||     4
Dodge: Dodged            ||    24

Table legend: (Time is in decaauts)
 A = Elapsed time spent in this place.
 B = Non-inter-level travel time spent in this place.
 C = Inter-level travel time spent in this place.
 D = Time resting spent in this place.
 E = Time spent auto-exploring this place.
 F = Levels seen in this place.
 G = Mean time per level.
                   A        B        C        D        E       F      G
               +--------+--------+--------+--------+--------+-----+--------+
         Total |   1578 |   1554 |     24 |    827 |    555 |   2 |  789.0 |
       Dungeon |   1578 |   1554 |     24 |    827 |    555 |   2 |  789.0 |
               +--------+--------+--------+--------+--------+-----+--------+

Top non-repeatable levels by time:
     D:1: 1245 daAuts
     D:2: 332 daAuts
